Nordiques vs Red Wings (R1)

Created - June 6, 2017 at 19:24

Goals
1 2 3 T
Nordiques 1 1 0 2
Red Wings 0 2 2 4
Shots
1 2 3 T
Nordiques 14 8 13 35
Red Wings 11 14 10 35

1st period

1. Nordiques , Paul Gaustad 3 (Kyle Calder 3, Ryan Ellis 3) at 6:43

Penalties :
Jeff Skinner (Que) for Interference (Minor) at 9:11

2nd period

2. Red Wings , Phil Kessel 6 (Rick Nash 8, Marc Savard 4) at 8:02 (PP)
3. Red Wings , Phil Kessel 7 (Rick Nash 9) at 11:02
4. Nordiques , R.J. Umberger 1 (Dustin Byfuglien 3, Ryan Ellis 4) at 13:11 (PP)

Penalties :
Dustin Byfuglien (Que) for Tripping (Minor) at 0:08, Vaclav Prospal (Que) for Roughing (Minor) at 7:53, Rick Nash (Det) for Hooking (Minor) at 12:56, Chris Drury (Que) for Tripping (Minor) at 15:49

3rd period

5. Red Wings , Tyler Johnson 4 (Sean Bergenheim 3, Ole-Kristian Tollefsen 4) at 9:10 (PP)
6. Red Wings , Phil Kessel 8 (Rick Nash 10, Marc Savard 5) at 10:17

Penalties :
Vaclav Prospal (Que) for High sticking (Minor) at 8:33, Mike Duco (Det) for Hooking (Minor) at 16:53

Goalie Stats

Martin Brodeur (Que), 31 saves from 35 shots - (0.886), L, 3-2-0, 60:00 minutes
Michal Neuvirth (Det), 33 saves from 35 shots - (0.943), W, 5-1-1, 60:00 minutes

Players Stats for Nordiques

Player Name              G  A  P  +/- PIM S  H  SB GA TA FO     MP     PP MP  PK MP  
------------------------------------------------------------------------------------
Chris Drury              0  0  0   0  2   5  4  0  0  2  14/38  21:39   1:14   0:50 
Dmitry Kulikov           0  0  0   0  0   0  0  1  0  0  0/0    16:50   0:54   0:00 
Dustin Byfuglien         0  1  1  -1  2   2  4  1  1  1  0/0    25:37   1:20   2:09 
Fedor Tyutin             0  0  0  -1  0   3  1  0  1  3  0/0    24:45   0:54   0:57 
Jean-Pierre Dumont       0  0  0   0  0   6  0  0  0  0  0/3    14:49   0:51   0:00 
Jeff Skinner             0  0  0   0  2   0  2  0  0  0  0/0    16:15   0:51   0:46 
Kyle Calder              0  1  1  -1  0   1  4  2  0  0  0/1    13:55   0:09   2:25 
Marek Svatos             0  0  0   0  0   5  2  0  0  0  1/1    24:15   1:14   3:27 
Michael Ryder            0  0  0   0  0   0  1  0  0  0  0/0     6:07   0:00   0:00 
Nikita Kucherov          0  0  0  -1  0   2  0  0  0  0  0/0    11:42   0:09   0:00 
Niklas Kronwall          0  0  0   0  0   1  0  0  0  0  0/0    16:15   0:00   3:37 
Nikolai Kulemin          0  0  0   0  0   1  1  0  0  0  0/0     5:56   0:00   0:00 
Paul Gaustad             1  0  1  -1  0   2  3  0  0  0  3/7    15:16   0:09   3:34 
R.J. Umberger            1  0  1   0  0   2  4  1  0  1  0/1    20:35   1:14   0:14 
Rich Peverley            0  0  0   0  0   0  1  0  0  0  1/2     6:15   0:00   0:19 
Ryan Ellis               0  2  2   0  0   1  0  3  0  2  0/0    20:17   1:20   3:06 
T.J. Fast                0  0  0   0  0   2  1  1  0  1  0/0    16:15   0:00   3:37 
Vaclav Prospal           0  0  0   0  4   2  1  1  0  0  11/18  16:29   0:51   1:51 

Players Stats for Red Wings

Player Name              G  A  P  +/- PIM S  H  SB GA TA FO     MP     PP MP  PK MP  
------------------------------------------------------------------------------------
Adam Henrique            0  0  0   0  0   1  0  0  0  0  0/1    11:32   0:00   0:00 
Ales Hemsky              0  0  0   0  0   1  1  0  0  0  0/1    11:33   0:00   0:00 
Alex Picard              0  0  0   0  0   2  2  0  0  0  0/0    11:46   0:00   0:00 
Brendan Bell             0  0  0  -1  0   1  3  1  0  0  0/0    11:36   0:31   0:00 
Filip Kuba               0  0  0   1  0   2  0  1  0  0  0/0    20:40   2:40   0:00 
Jiri Fischer             0  0  0   1  0   1  1  1  0  0  0/0    21:47   2:40   1:07 
Marc Savard              0  2  2   2  0   3  2  0  1  0  23/34  21:36   3:49   0:00 
Mike Brown               0  0  0  -1  0   1  1  0  0  1  0/0     7:36   0:00   0:00 
Mike Duco                0  0  0  -1  2   0  1  0  0  0  0/0     7:51   0:00   0:00 
Nate Thompson            0  0  0  -1  0   2  0  3  0  0  1/5     7:36   0:00   0:00 
Ole-Kristian Tollefsen   0  1  1   1  0   2  1  2  1  1  0/0    27:08   4:03   1:07 
Phil Kessel              3  0  3   2  0   4  1  0  1  0  3/3    21:25   3:49   0:00 
Rick Nash                0  3  3   2  2   5  1  0  3  0  2/2    22:35   3:49   0:55 
Sean Bergenheim          0  1  1   0  0   2  2  0  1  0  1/3    18:02   2:54   1:08 
Shea Weber               0  0  0   1  0   1  0  1  2  0  0/0    26:37   3:32   1:07 
Steve Downie             0  0  0   0  0   4  2  0  0  0  1/1    18:02   2:54   1:06 
Tim Ramholt              0  0  0  -1  0   1  0  3  0  0  0/0    12:12   0:00   1:07 
Tyler Johnson            1  0  1   0  0   2  0  1  1  0  10/21  18:10   2:54   1:19 

3 Stars

1 - Phil Kessel (Det)
2 - Marc Savard (Det)
3 - Rick Nash (Det)

Power Play

Nordiques - 1 on 2 Attempt(s) - 50.00%
Red Wings - 2 on 5 Attempt(s) - 40.00%

Penalty Kill

Nordiques - 3 on 5 Attempt(s) - 60.00% - Score 0 goal in Penalty Kill
Red Wings - 1 on 2 Attempt(s) - 50.00% - Score 0 goal in Penalty Kill

Team Stat

Nordiques - Hits : 29 - Faceoff Wins : 30 - Blocked Shots : 10 - Penalty Minutes : 10
Red Wings - Hits : 18 - Faceoff Wins : 41 - Blocked Shots : 13 - Penalty Minutes : 4

Official

Referees : Joannette Marc and Lee Chris
Linesman : Lonnie Cameron and Greg Devorski

Game Notes

Phil Kessel has scored a Hat Trick!

Finance

Level 1 -- Attendance: 6000 (100.00%) -- Ticket Income $468,000
Level 2 -- Attendance: 5000 (100.00%) -- Ticket Income $260,000
Level 3 -- Attendance: 1913 (95.65%) -- Ticket Income $63,129
Level 4 -- Attendance: 4000 (100.00%) -- Ticket Income $88,000
Luxury Box -- Attendance: 1000 (100.00%) -- Ticket Income $162,000
Game was played at the Joe Louis Arena.
Total Attendance: 17913 (99.52%)
Total Ticket Income: $1,041,129
Other Income: $156,169
Total Income: $1,197,298

Nordiques

5 vs 5 Forward 
   Center                   Left Wing                Right Wing               Time % Phy DF OF 
 1 Chris Drury              R.J. Umberger            Marek Svatos             40     0   3  2  
 2 Vaclav Prospal           Jeff Skinner             Jean-Pierre Dumont       30     0   3  2  
 3 Paul Gaustad             Kyle Calder              Nikita Kucherov          20     0   3  2  
 4 Rich Peverley            Nikolai Kulemin          Michael Ryder            10     0   3  2  

5 vs 5 Defense 
   Defense                  Defense                                           Time % Phy DF OF 
 1 Fedor Tyutin             Dustin Byfuglien                                  40     0   5  0  
 2 Dmitry Kulikov           Ryan Ellis                                        30     0   5  0  
 3 T.J. Fast                Niklas Kronwall                                   20     0   5  0  
 4 Fedor Tyutin             Dustin Byfuglien                                  10     0   5  0  

PowerPlay Forward 
   Center                   Left Wing                Right Wing               Time % Phy DF OF 
 1 Chris Drury              R.J. Umberger            Marek Svatos             60     0   0  5  
 2 Vaclav Prospal           Jeff Skinner             Jean-Pierre Dumont       40     0   0  5  

PowerPlay Defense
   Defense                  Defense                                           Time % Phy DF OF 
 1 Dustin Byfuglien         Ryan Ellis                                        60     0   2  3  
 2 Fedor Tyutin             Dmitry Kulikov                                    40     0   2  3  

Penalty Kill 4 Players Forward 
   Center                   Wing                     Time % Phy DF OF 
 1 Paul Gaustad             Marek Svatos             60     0   4  1  
 2 Kyle Calder              Vaclav Prospal           40     0   4  1  

Penalty Kill 4 Players Defense
   Defense                  Defense                  Time % Phy DF OF 
 1 T.J. Fast                Niklas Kronwall          60     0   4  1  
 2 Dustin Byfuglien         Ryan Ellis               40     0   4  1  

Penalty Kill - 3 Players Forward 
   Forward                                           Time % Phy DF OF 
 1 Paul Gaustad                                      60     0   5  0  
 2 Marek Svatos                                      40     0   5  0  

Penalty Kill - 3 Players Defense
   Defense                  Defense                  Time % Phy DF OF 
 1 T.J. Fast                Niklas Kronwall          60     0   5  0  
 2 Dustin Byfuglien         Dmitry Kulikov           40     0   5  0  

4 vs 4 Forward 
   Center                   Wing                     Time % Phy DF OF 
 1 R.J. Umberger            Chris Drury              60     0   1  4  
 2 Jean-Pierre Dumont       Vaclav Prospal           40     0   1  4  

4 vs 4 Defense
   Defense                  Defense                  Time % Phy DF OF 
 1 Dustin Byfuglien         Dmitry Kulikov           60     0   3  2  
 2 Fedor Tyutin             Ryan Ellis               40     0   3  2  

Last Minutes Offensive
   Center                   Left Wing                Right Wing               Defense                  Defense                  
   Chris Drury              R.J. Umberger            Jean-Pierre Dumont       Dustin Byfuglien         Fedor Tyutin             

Last Minutes Defensive
   Center                   Left Wing                Right Wing               Defense                  Defense                  
   Paul Gaustad             Kyle Calder              Marek Svatos             T.J. Fast                Niklas Kronwall          

Goaltenders
Starting : Martin Brodeur           
Backup : Julien Ellis             

Extra Forwards
Normal : Chris Drury, Jean-Pierre Dumont, R.J. Umberger - PP : Chris Drury, Jean-Pierre Dumont - PK : Marek Svatos
Extra Defensemen
Normal : Dmitry Kulikov, Ryan Ellis, Dustin Byfuglien - PP : Dmitry Kulikov - PK : Ryan Ellis, Dustin Byfuglien
Penalty Shots
R.J. Umberger, Chris Drury, Jean-Pierre Dumont, Vaclav Prospal, Marek Svatos

Scratches
Jarret Stoll (Healthy), Mark Eaton (Lacerated Left Calf Injury), Matt Moulson (Bruised Left Shoulder Injury), Pascal Dupuis (Healthy), Loïc Lacasse (Healthy)

Red Wings

5 vs 5 Forward 
   Center                   Left Wing                Right Wing               Time % Phy DF OF 
 1 Marc Savard              Rick Nash                Phil Kessel              40     0   2  3  
 2 Tyler Johnson            Sean Bergenheim          Steve Downie             33     0   2  3  
 3 Adam Henrique            Alex Picard              Ales Hemsky              20     0   3  2  
 4 Nate Thompson            Mike Duco                Mike Brown               7      1   2  2  

5 vs 5 Defense 
   Defense                  Defense                                           Time % Phy DF OF 
 1 Shea Weber               Ole-Kristian Tollefsen                            40     0   3  2  
 2 Jiri Fischer             Filip Kuba                                        35     0   3  2  
 3 Brendan Bell             Tim Ramholt                                       15     1   3  1  
 4 Brendan Bell             Tim Ramholt                                       10     1   3  1  

PowerPlay Forward 
   Center                   Left Wing                Right Wing               Time % Phy DF OF 
 1 Marc Savard              Rick Nash                Phil Kessel              60     0   1  4  
 2 Tyler Johnson            Sean Bergenheim          Steve Downie             40     0   1  4  

PowerPlay Defense
   Defense                  Defense                                           Time % Phy DF OF 
 1 Shea Weber               Ole-Kristian Tollefsen                            60     0   2  3  
 2 Filip Kuba               Jiri Fischer                                      40     0   2  3  

Penalty Kill 4 Players Forward 
   Center                   Wing                     Time % Phy DF OF 
 1 Tyler Johnson            Steve Downie             50     1   2  2  
 2 Rick Nash                Sean Bergenheim          50     1   2  2  

Penalty Kill 4 Players Defense
   Defense                  Defense                  Time % Phy DF OF 
 1 Shea Weber               Ole-Kristian Tollefsen   50     1   2  2  
 2 Jiri Fischer             Tim Ramholt              50     1   2  2  

Penalty Kill - 3 Players Forward 
   Forward                                           Time % Phy DF OF 
 1 Tyler Johnson                                     60     1   2  2  
 2 Steve Downie                                      40     1   2  2  

Penalty Kill - 3 Players Defense
   Defense                  Defense                  Time % Phy DF OF 
 1 Shea Weber               Ole-Kristian Tollefsen   50     1   2  2  
 2 Jiri Fischer             Tim Ramholt              50     1   2  2  

4 vs 4 Forward 
   Center                   Wing                     Time % Phy DF OF 
 1 Marc Savard              Rick Nash                60     1   2  2  
 2 Tyler Johnson            Phil Kessel              40     1   2  2  

4 vs 4 Defense
   Defense                  Defense                  Time % Phy DF OF 
 1 Shea Weber               Ole-Kristian Tollefsen   60     1   2  2  
 2 Jiri Fischer             Filip Kuba               40     1   2  2  

Last Minutes Offensive
   Center                   Left Wing                Right Wing               Defense                  Defense                  
   Marc Savard              Rick Nash                Phil Kessel              Shea Weber               Ole-Kristian Tollefsen   

Last Minutes Defensive
   Center                   Left Wing                Right Wing               Defense                  Defense                  
   Tyler Johnson            Rick Nash                Steve Downie             Shea Weber               Ole-Kristian Tollefsen   

Goaltenders
Starting : Michal Neuvirth          
Backup : Ilya Bryzgalov           

Extra Forwards
Normal : Rick Nash, Sean Bergenheim, Adam Henrique - PP : Adam Henrique, Ales Hemsky - PK : Sean Bergenheim
Extra Defensemen
Normal : Shea Weber, Filip Kuba, Brendan Bell - PP : Brendan Bell - PK : Filip Kuba, Brendan Bell
Penalty Shots
Rick Nash, Steve Downie, Shea Weber, Phil Kessel, Marc Savard

Scratches
Mike Richards (Sprained Left Finger Injury)

% Time on Ice - Nordiques

Lines # - Real PCT - Wanted PCT - Time Play
Normal Forward
1 - 40% - 40% - 20:22
2 - 27% - 30% - 13:49
3 - 21% - 20% - 10:56
4 - 12% - 10% - 5:56
Normal Defense
1 - 39% - 40% - 20:03
2 - 31% - 30% - 16:04
3 - 24% - 20% - 12:17
4 - 5% - 10% - 2:39
PP Forward
1 - 62% - 60% - 1:23
2 - 38% - 40% - 0:51
PP Defense
1 - 60% - 60% - 1:20
2 - 40% - 40% - 0:54
PK Forward
1 - 70% - 60% - 4:43
2 - 30% - 40% - 2:00
PK Defense
1 - 54% - 60% - 3:37
2 - 46% - 40% - 3:06
PK3 Forward
1 - 0% - 60%
2 - 0% - 40%
PK3 Defense
1 - 0% - 60%
2 - 0% - 40%
44 Forward
1 - 0% - 60%
2 - 0% - 40%
44 Defense
1 - 0% - 60%
2 - 0% - 40%
Last Minute Offensive  - 0:00
Last Minute Defensive  - 0:00
Total
Forward - 60:00
Defense - 60:00

% Time on Ice - Red Wings

Lines # - Real PCT - Wanted PCT - Time Play
Normal Forward
1 - 34% - 40% - 17:36
2 - 28% - 33% - 14:32
3 - 22% - 20% - 11:19
4 - 15% - 7% - 7:36
Normal Defense
1 - 43% - 40% - 21:58
2 - 35% - 35% - 18:00
3 - 14% - 15% - 7:12
4 - 8% - 10% - 3:53
PP Forward
1 - 57% - 60% - 3:49
2 - 43% - 40% - 2:54
PP Defense
1 - 60% - 60% - 4:03
2 - 40% - 40% - 2:40
PK Forward
1 - 49% - 50% - 1:06
2 - 51% - 50% - 1:08
PK Defense
1 - 50% - 50% - 1:07
2 - 50% - 50% - 1:07
PK3 Forward
1 - 0% - 60%
2 - 0% - 40%
PK3 Defense
1 - 0% - 50%
2 - 0% - 50%
44 Forward
1 - 0% - 60%
2 - 0% - 40%
44 Defense
1 - 0% - 60%
2 - 0% - 40%
Last Minute Offensive  - 0:00
Last Minute Defensive  - 0:00
Total
Forward - 60:00
Defense - 60:00

Play by Play

1st period


0:01 of 1st period - Rick Nash wins face-off versus Chris Drury in neutral zone.
0:12 of 1st period - Snap shot by Phil Kessel.
0:12 of 1st period - Shot Misses the Net.
0:14 of 1st period - Snap shot by Ole-Kristian Tollefsen.
0:14 of 1st period - Shot Misses the Net.
0:23 of 1st period - Icing by Chris Drury.
0:24 of 1st period - Chris Drury wins face-off versus Tyler Johnson in Nordiques zone.
0:39 of 1st period - Snap shot by Tyler Johnson.
0:39 of 1st period - Stopped by Martin Brodeur with a rebound.
1:37 of 1st period - Wrist shot by Mike Brown.
1:37 of 1st period - Stopped by Martin Brodeur with a rebound.
1:43 of 1st period - Snap shot by Nate Thompson.
1:43 of 1st period - Shot Misses the Net.
1:57 of 1st period - Snap shot by Vaclav Prospal.
1:57 of 1st period - Shot Misses the Net.
2:17 of 1st period - Slapshot by Kyle Calder.
2:17 of 1st period - Shot Misses the Net.
2:19 of 1st period - Slapshot by T.J. Fast.
2:19 of 1st period - Stopped by Michal Neuvirth with a rebound.
2:21 of 1st period - Slapshot by T.J. Fast.
2:21 of 1st period - Shot Blocked by Shea Weber.
3:04 of 1st period - Dustin Byfuglien is hit by Mike Brown and loses puck.
3:58 of 1st period - Fedor Tyutin is hit by Marc Savard and loses puck.
4:04 of 1st period - Off-side.
4:05 of 1st period - Marc Savard wins face-off versus Chris Drury in neutral zone.
4:14 of 1st period - Snap shot by Phil Kessel.
4:14 of 1st period - Stopped by Martin Brodeur with a rebound.
4:33 of 1st period - Chris Drury is hit by Marc Savard and loses puck.
5:02 of 1st period - Slapshot by Rick Nash.
5:02 of 1st period - Shot Misses the Net.
5:04 of 1st period - Slapshot by Jiri Fischer.
5:04 of 1st period - Stopped by Martin Brodeur without a rebound.
5:05 of 1st period - Vaclav Prospal wins face-off versus Tyler Johnson in Nordiques zone.
5:12 of 1st period - Tyler Johnson is hit by Fedor Tyutin and loses puck.
5:40 of 1st period - Backhand shot by Kyle Calder.
5:40 of 1st period - Shot Misses the Net.
5:58 of 1st period - Snap shot by Nate Thompson.
5:58 of 1st period - Stopped by Martin Brodeur with a rebound.
6:11 of 1st period - Icing by Tim Ramholt.
6:12 of 1st period - Vaclav Prospal wins face-off versus Nate Thompson in Red Wings zone.
6:41 of 1st period - Snap shot by Paul Gaustad.
6:41 of 1st period - Shot Misses the Net.
6:43 of 1st period - Snap shot by Paul Gaustad.
6:43 of 1st period - Goal by Paul Gaustad - Nordiques : 1 - Red Wings : 0.
6:44 of 1st period - Chris Drury wins face-off versus Tyler Johnson in neutral zone.
7:18 of 1st period - Snap shot by Phil Kessel.
7:18 of 1st period - Shot Blocked by Kyle Calder.
7:20 of 1st period - Slapshot by Rick Nash.
7:20 of 1st period - Stopped by Martin Brodeur with a rebound.
7:42 of 1st period - Snap shot by Ales Hemsky.
7:42 of 1st period - Stopped by Martin Brodeur with a rebound.
7:54 of 1st period - Jiri Fischer is hit by Nikolai Kulemin and loses puck.
7:59 of 1st period - Slapshot by Nikolai Kulemin.
7:59 of 1st period - Shot Misses the Net.
9:05 of 1st period - Snap shot by Alex Picard.
9:05 of 1st period - Shot Hit the Post.
9:11 of 1st period - Minor Penalty to Jeff Skinner for Interference.
9:12 of 1st period - Marc Savard wins face-off versus Paul Gaustad in Nordiques zone.
9:31 of 1st period - Niklas Kronwall is hit by Phil Kessel and loses puck.
11:04 of 1st period - Filip Kuba is hit by R.J. Umberger and loses puck.
11:11 of 1st period - Penalty to Jeff Skinner is over, Jeff Skinner is back on ice.
11:31 of 1st period - Wrist shot by Chris Drury.
11:31 of 1st period - Shot Misses the Net.
11:35 of 1st period - Snap shot by Chris Drury.
11:35 of 1st period - Shot Misses the Net.
11:37 of 1st period - Snap shot by Chris Drury.
11:37 of 1st period - Stopped by Michal Neuvirth without a rebound.
11:38 of 1st period - Rich Peverley wins face-off versus Nate Thompson in Red Wings zone.
11:43 of 1st period - Snap shot by Michael Ryder.
11:43 of 1st period - Shot Blocked by Nate Thompson.
11:45 of 1st period - Snap shot by Fedor Tyutin.
11:45 of 1st period - Stopped by Michal Neuvirth without a rebound.
11:46 of 1st period - Nate Thompson wins face-off versus Rich Peverley in Red Wings zone.
12:01 of 1st period - Nikolai Kulemin is hit by Brendan Bell and loses puck.
12:10 of 1st period - Wrist shot by Nate Thompson.
12:10 of 1st period - Shot Misses the Net.
12:16 of 1st period - Snap shot by Nikolai Kulemin.
12:16 of 1st period - Stopped by Michal Neuvirth without a rebound.
12:17 of 1st period - Marc Savard wins face-off versus Vaclav Prospal in Red Wings zone.
12:42 of 1st period - Shea Weber is hit by R.J. Umberger and loses puck.
12:51 of 1st period - Snap shot by Sean Bergenheim.
12:51 of 1st period - Deflect By Steve Downie.
12:51 of 1st period - Stopped by Martin Brodeur without a rebound.
12:52 of 1st period - Marc Savard wins face-off versus Vaclav Prospal in Nordiques zone.
12:59 of 1st period - Wrist shot by Vaclav Prospal.
12:59 of 1st period - Shot Blocked by Tim Ramholt.
13:19 of 1st period - Tyler Johnson is hit by Chris Drury and loses puck.
13:24 of 1st period - Snap shot by Marek Svatos.
13:24 of 1st period - Stopped by Michal Neuvirth with a rebound.
13:26 of 1st period - Wrist shot by Chris Drury.
13:26 of 1st period - Stopped by Michal Neuvirth with a rebound.
13:28 of 1st period - Snap shot by Chris Drury.
13:28 of 1st period - Stopped by Michal Neuvirth without a rebound.
13:29 of 1st period - Marc Savard wins face-off versus Chris Drury in Red Wings zone.
14:20 of 1st period - Filip Kuba is hit by Jeff Skinner and loses puck.
14:31 of 1st period - Snap shot by Jean-Pierre Dumont.
14:31 of 1st period - Deflect By Mike Duco.
14:31 of 1st period - Stopped by Michal Neuvirth with a rebound.
14:33 of 1st period - Snap shot by Jean-Pierre Dumont.
14:33 of 1st period - Stopped by Michal Neuvirth without a rebound.
14:34 of 1st period - Chris Drury wins face-off versus Marc Savard in Red Wings zone.
15:03 of 1st period - Brendan Bell is hit by Kyle Calder and loses puck.
15:10 of 1st period - Snap shot by Paul Gaustad.
15:10 of 1st period - Stopped by Michal Neuvirth without a rebound.
15:11 of 1st period - Marc Savard wins face-off versus Chris Drury in Red Wings zone.
15:20 of 1st period - Snap shot by Rick Nash.
15:20 of 1st period - Stopped by Martin Brodeur without a rebound.
15:21 of 1st period - Marc Savard wins face-off versus Chris Drury in Nordiques zone.
15:51 of 1st period - Off-side.
15:52 of 1st period - Vaclav Prospal wins face-off versus Tyler Johnson in neutral zone.
15:57 of 1st period - Snap shot by Jean-Pierre Dumont.
15:57 of 1st period - Stopped by Michal Neuvirth with a rebound.
16:35 of 1st period - Off-side.
16:36 of 1st period - Phil Kessel wins face-off versus Chris Drury in neutral zone.
16:41 of 1st period - Slapshot by Marc Savard.
16:41 of 1st period - Deflect By Marek Svatos.
16:41 of 1st period - Shot Blocked by T.J. Fast.
16:41 of 1st period - Puck is out of play.
16:42 of 1st period - Tyler Johnson wins face-off versus Chris Drury in Nordiques zone.
16:45 of 1st period - Backhand shot by Sean Bergenheim.
16:45 of 1st period - Shot Misses the Net.
17:01 of 1st period - Snap shot by Marek Svatos.
17:01 of 1st period - Stopped by Michal Neuvirth without a rebound.
17:02 of 1st period - Phil Kessel wins face-off versus Vaclav Prospal in Red Wings zone.
17:11 of 1st period - Wrist shot by Phil Kessel.
17:11 of 1st period - Shot Blocked by Vaclav Prospal.
17:13 of 1st period - Wrist shot by Shea Weber.
17:13 of 1st period - Stopped by Martin Brodeur without a rebound.
17:14 of 1st period - Chris Drury wins face-off versus Tyler Johnson in Nordiques zone.
17:21 of 1st period - Slapshot by Tyler Johnson.
17:21 of 1st period - Deflect By Steve Downie.
17:21 of 1st period - Shot Misses the Net.
17:21 of 1st period - Puck is out of play.
17:22 of 1st period - Marek Svatos wins face-off versus Tyler Johnson in Nordiques zone.
17:22 of 1st period - Marek Svatos is hit by Steve Downie.
17:30 of 1st period - Wrist shot by Chris Drury.
17:30 of 1st period - Shot Misses the Net.
17:48 of 1st period - Slapshot by Sean Bergenheim.
17:48 of 1st period - Stopped by Martin Brodeur without a rebound.
17:49 of 1st period - Vaclav Prospal wins face-off versus Marc Savard in Nordiques zone.
18:23 of 1st period - Snap shot by Adam Henrique.
18:23 of 1st period - Shot Misses the Net.
18:42 of 1st period - Snap shot by Kyle Calder.
18:42 of 1st period - Shot Misses the Net.
18:54 of 1st period - Wrist shot by Nikita Kucherov.
18:54 of 1st period - Shot Misses the Net.
19:04 of 1st period - Wrist shot by Nikita Kucherov.
19:04 of 1st period - Shot Blocked by Filip Kuba.
19:06 of 1st period - Slapshot by Dmitry Kulikov.
19:06 of 1st period - Shot Misses the Net.
19:18 of 1st period - Snap shot by Kyle Calder.
19:18 of 1st period - Shot Blocked by Jiri Fischer.
19:20 of 1st period - Slapshot by Dmitry Kulikov.
19:20 of 1st period - Deflect By Nikita Kucherov.
19:20 of 1st period - Stopped by Michal Neuvirth without a rebound.
19:21 of 1st period - Marc Savard wins face-off versus R.J. Umberger in Red Wings zone.
Goals for this period are 1 for Nordiques vs 0 for Red Wings.
Shots for this period are 14 for Nordiques vs 11 for Red Wings.

2nd period


0:01 of 2nd period - Marc Savard wins face-off versus Vaclav Prospal in neutral zone.
0:05 of 2nd period - Shea Weber is hit by Dustin Byfuglien and loses puck.
0:08 of 2nd period - Minor Penalty to Dustin Byfuglien for Tripping.
0:09 of 2nd period - Paul Gaustad wins face-off versus Marc Savard in Nordiques zone.
0:09 of 2nd period - Paul Gaustad is hit by Ole-Kristian Tollefsen.
0:28 of 2nd period - Ole-Kristian Tollefsen is hit by Marek Svatos and loses puck.
0:37 of 2nd period - Backhand shot by Rick Nash.
0:37 of 2nd period - Stopped by Martin Brodeur without a rebound.
0:38 of 2nd period - Steve Downie wins face-off versus Kyle Calder in Nordiques zone.
1:03 of 2nd period - Marek Svatos is hit by Jiri Fischer and loses puck.
2:08 of 2nd period - Penalty to Dustin Byfuglien is over, Dustin Byfuglien is back on ice.
2:13 of 2nd period - Filip Kuba is hit by Michael Ryder and loses puck.
2:38 of 2nd period - Snap shot by Filip Kuba.
2:38 of 2nd period - Shot Hit the Post.
2:52 of 2nd period - Chris Drury is hit by Steve Downie and loses puck.
3:47 of 2nd period - Wrist shot by Vaclav Prospal.
3:47 of 2nd period - Shot Blocked by Tim Ramholt.
3:49 of 2nd period - Wrist shot by Ryan Ellis.
3:49 of 2nd period - Shot Blocked by Brendan Bell.
3:51 of 2nd period - Slapshot by Ryan Ellis.
3:51 of 2nd period - Stopped by Michal Neuvirth with a rebound.
4:03 of 2nd period - Wrist shot by Ales Hemsky.
4:03 of 2nd period - Shot Misses the Net.
4:09 of 2nd period - Ales Hemsky is hit by Chris Drury and loses puck.
4:27 of 2nd period - Snap shot by Adam Henrique.
4:27 of 2nd period - Shot Blocked by Ryan Ellis.
4:29 of 2nd period - Slapshot by Filip Kuba.
4:29 of 2nd period - Shot Misses the Net.
4:31 of 2nd period - Slapshot by Filip Kuba.
4:31 of 2nd period - Stopped by Martin Brodeur without a rebound.
4:32 of 2nd period - Vaclav Prospal wins face-off versus Marc Savard in Nordiques zone.
4:41 of 2nd period - Snap shot by Jean-Pierre Dumont.
4:41 of 2nd period - Shot Misses the Net.
5:11 of 2nd period - Snap shot by Chris Drury.
5:11 of 2nd period - Stopped by Michal Neuvirth without a rebound.
5:12 of 2nd period - Tyler Johnson wins face-off versus Chris Drury in Red Wings zone.
5:12 of 2nd period - Tyler Johnson is hit by R.J. Umberger.
5:15 of 2nd period - Icing by Sean Bergenheim.
5:16 of 2nd period - Chris Drury wins face-off versus Tyler Johnson in Red Wings zone.
5:22 of 2nd period - Icing by Tyler Johnson.
5:23 of 2nd period - Tyler Johnson wins face-off versus Chris Drury in Red Wings zone.
6:00 of 2nd period - Slapshot by Jean-Pierre Dumont.
6:00 of 2nd period - Stopped by Michal Neuvirth with a rebound.
6:39 of 2nd period - Wrist shot by Marek Svatos.
6:39 of 2nd period - Shot Blocked by Tim Ramholt.
6:41 of 2nd period - Slapshot by Niklas Kronwall.
6:41 of 2nd period - Stopped by Michal Neuvirth without a rebound.
6:42 of 2nd period - Marc Savard wins face-off versus Jean-Pierre Dumont in Red Wings zone.
6:44 of 2nd period - Icing by Rick Nash.
6:45 of 2nd period - Marc Savard wins face-off versus Jean-Pierre Dumont in Red Wings zone.
6:54 of 2nd period - Slapshot by Filip Kuba.
6:54 of 2nd period - Shot Misses the Net.
7:16 of 2nd period - Backhand shot by Nikita Kucherov.
7:16 of 2nd period - Shot Misses the Net.
7:26 of 2nd period - Slapshot by Rick Nash.
7:26 of 2nd period - Stopped by Martin Brodeur without a rebound.
7:27 of 2nd period - Sean Bergenheim wins face-off versus Chris Drury in Nordiques zone.
7:28 of 2nd period - Wrist shot by Steve Downie.
7:28 of 2nd period - Stopped by Martin Brodeur without a rebound.
7:29 of 2nd period - Tyler Johnson wins face-off versus Chris Drury in Nordiques zone.
7:44 of 2nd period - Wrist shot by Steve Downie.
7:44 of 2nd period - Deflect By Dustin Byfuglien.
7:44 of 2nd period - Stopped by Martin Brodeur without a rebound.
7:45 of 2nd period - Marc Savard wins face-off versus Vaclav Prospal in Nordiques zone.
7:53 of 2nd period - Minor Penalty to Vaclav Prospal for Roughing.
7:54 of 2nd period - Marc Savard wins face-off versus Paul Gaustad in Nordiques zone.
8:00 of 2nd period - Slapshot by Rick Nash.
8:00 of 2nd period - Stopped by Martin Brodeur with a rebound.
8:02 of 2nd period - Wrist shot by Phil Kessel.
8:02 of 2nd period - Goal by Phil Kessel - Nordiques : 1 - Red Wings : 1.
8:03 of 2nd period - Chris Drury wins face-off versus Marc Savard in neutral zone.
8:23 of 2nd period - Phil Kessel is hit by Dustin Byfuglien and loses puck.
8:38 of 2nd period - Snap shot by Sean Bergenheim.
8:38 of 2nd period - Deflect By Steve Downie.
8:38 of 2nd period - Shot Hit the Post.
8:38 of 2nd period - Puck is out of play.
8:39 of 2nd period - Tyler Johnson wins face-off versus Vaclav Prospal in Nordiques zone.
9:04 of 2nd period - R.J. Umberger is hit by Alex Picard and loses puck.
9:29 of 2nd period - Filip Kuba is hit by Kyle Calder and loses puck.
10:37 of 2nd period - Chris Drury is hit by Ales Hemsky and loses puck.
11:02 of 2nd period - Snap shot by Phil Kessel.
11:02 of 2nd period - Goal by Phil Kessel - Nordiques : 1 - Red Wings : 2.
11:03 of 2nd period - Marc Savard wins face-off versus Chris Drury in neutral zone.
11:12 of 2nd period - Snap shot by Marc Savard.
11:12 of 2nd period - Stopped by Martin Brodeur with a rebound.
11:30 of 2nd period - Vaclav Prospal is hit by Sean Bergenheim and loses puck.
12:14 of 2nd period - Slapshot by Brendan Bell.
12:14 of 2nd period - Stopped by Martin Brodeur with a rebound.
12:36 of 2nd period - Wrist shot by Sean Bergenheim.
12:36 of 2nd period - Stopped by Martin Brodeur with a rebound.
12:38 of 2nd period - Slapshot by Brendan Bell.
12:38 of 2nd period - Shot Blocked by Ryan Ellis.
12:40 of 2nd period - Slapshot by Brendan Bell.
12:40 of 2nd period - Shot Blocked by Ryan Ellis.
12:42 of 2nd period - Wrist shot by Steve Downie.
12:42 of 2nd period - Stopped by Martin Brodeur without a rebound.
12:43 of 2nd period - Vaclav Prospal wins face-off versus Marc Savard in Nordiques zone.
12:43 of 2nd period - Vaclav Prospal is hit by Rick Nash.
12:56 of 2nd period - Minor Penalty to Rick Nash for Hooking.
12:57 of 2nd period - Tyler Johnson wins face-off versus Chris Drury in Red Wings zone.
13:09 of 2nd period - Wrist shot by Dustin Byfuglien.
13:09 of 2nd period - Stopped by Michal Neuvirth with a rebound.
13:11 of 2nd period - Snap shot by R.J. Umberger.
13:11 of 2nd period - Goal by R.J. Umberger - Nordiques : 2 - Red Wings : 2.
13:12 of 2nd period - Marc Savard wins face-off versus Chris Drury in neutral zone.
13:25 of 2nd period - Slapshot by Chris Drury.
13:25 of 2nd period - Deflect By Marek Svatos.
13:25 of 2nd period - Shot Blocked by Ole-Kristian Tollefsen.
13:25 of 2nd period - Puck is out of play.
13:26 of 2nd period - Tyler Johnson wins face-off versus Chris Drury in Red Wings zone.
13:39 of 2nd period - Shea Weber is hit by R.J. Umberger and loses puck.
13:52 of 2nd period - Ole-Kristian Tollefsen is hit by Jeff Skinner and loses puck.
14:17 of 2nd period - Alex Picard is hit by Paul Gaustad.
14:41 of 2nd period - Slapshot by Nikolai Kulemin.
14:41 of 2nd period - Shot Blocked by Nate Thompson.
14:58 of 2nd period - Icing by Filip Kuba.
14:59 of 2nd period - Chris Drury wins face-off versus Tyler Johnson in Red Wings zone.
15:02 of 2nd period - Snap shot by Marek Svatos.
15:02 of 2nd period - Stopped by Michal Neuvirth without a rebound.
15:03 of 2nd period - Marc Savard wins face-off versus Chris Drury in Red Wings zone.
15:30 of 2nd period - Chris Drury is hit by Alex Picard.
15:49 of 2nd period - Minor Penalty to Chris Drury for Tripping.
15:50 of 2nd period - Phil Kessel wins face-off versus Paul Gaustad in Nordiques zone.
16:38 of 2nd period - Rick Nash is hit by Paul Gaustad and loses puck.
17:49 of 2nd period - Penalty to Chris Drury is over, Chris Drury is back on ice.
18:22 of 2nd period - Snap shot by Mike Brown.
18:22 of 2nd period - Deflect By Nate Thompson.
18:22 of 2nd period - Stopped by Martin Brodeur with a rebound.
18:24 of 2nd period - Slapshot by Tim Ramholt.
18:24 of 2nd period - Stopped by Martin Brodeur without a rebound.
18:25 of 2nd period - Chris Drury wins face-off versus Nate Thompson in Nordiques zone.
18:50 of 2nd period - Steve Downie is hit by Kyle Calder and loses puck.
19:10 of 2nd period - Icing by Shea Weber.
19:11 of 2nd period - Vaclav Prospal wins face-off versus Sean Bergenheim in Red Wings zone.
19:12 of 2nd period - Snap shot by Jean-Pierre Dumont.
19:12 of 2nd period - Stopped by Michal Neuvirth without a rebound.
19:13 of 2nd period - Vaclav Prospal wins face-off versus Marc Savard in Red Wings zone.
19:46 of 2nd period - Snap shot by Marek Svatos.
19:46 of 2nd period - Shot Misses the Net.
19:48 of 2nd period - Slapshot by Fedor Tyutin.
19:48 of 2nd period - Deflect By Marek Svatos.
19:48 of 2nd period - Shot Misses the Net.
19:48 of 2nd period - Puck is out of play.
19:49 of 2nd period - Marc Savard wins face-off versus Chris Drury in Red Wings zone.
Goals for this period are 1 for Nordiques vs 2 for Red Wings.
Shots for this period are 8 for Nordiques vs 14 for Red Wings.

3rd period


0:01 of 3rd period - Marc Savard wins face-off versus Chris Drury in neutral zone.
0:12 of 3rd period - Slapshot by Fedor Tyutin.
0:12 of 3rd period - Deflect By Marc Savard.
0:12 of 3rd period - Stopped by Michal Neuvirth without a rebound.
0:13 of 3rd period - Marc Savard wins face-off versus Chris Drury in Red Wings zone.
0:18 of 3rd period - Snap shot by Marc Savard.
0:18 of 3rd period - Stopped by Martin Brodeur with a rebound.
0:20 of 3rd period - Slapshot by Filip Kuba.
0:20 of 3rd period - Shot Misses the Net.
0:22 of 3rd period - Slapshot by Filip Kuba.
0:22 of 3rd period - Shot Blocked by Dustin Byfuglien.
0:30 of 3rd period - Wrist shot by Phil Kessel.
0:30 of 3rd period - Shot Misses the Net.
0:49 of 3rd period - Snap shot by Ales Hemsky.
0:49 of 3rd period - Deflect By Alex Picard.
0:49 of 3rd period - Stopped by Martin Brodeur without a rebound.
0:50 of 3rd period - Vaclav Prospal wins face-off versus Tyler Johnson in Nordiques zone.
0:55 of 3rd period - Wrist shot by Jean-Pierre Dumont.
0:55 of 3rd period - Stopped by Michal Neuvirth without a rebound.
0:56 of 3rd period - Vaclav Prospal wins face-off versus Tyler Johnson in Red Wings zone.
1:23 of 3rd period - Phil Kessel is hit by Dustin Byfuglien and loses puck.
1:49 of 3rd period - Wrist shot by Adam Henrique.
1:49 of 3rd period - Shot Hit the Post.
1:51 of 3rd period - Slapshot by Filip Kuba.
1:51 of 3rd period - Deflect By Paul Gaustad.
1:51 of 3rd period - Stopped by Martin Brodeur without a rebound.
1:52 of 3rd period - Vaclav Prospal wins face-off versus Sean Bergenheim in Nordiques zone.
2:03 of 3rd period - Slapshot by Ryan Ellis.
2:03 of 3rd period - Deflect By Jean-Pierre Dumont.
2:03 of 3rd period - Shot Misses the Net.
2:03 of 3rd period - Puck is out of play.
2:04 of 3rd period - Marc Savard wins face-off versus Vaclav Prospal in Red Wings zone.
2:30 of 3rd period - Ryan Ellis is hit by Sean Bergenheim and loses puck.
2:43 of 3rd period - Snap shot by Sean Bergenheim.
2:43 of 3rd period - Shot Blocked by Dmitry Kulikov.
3:41 of 3rd period - Snap shot by Vaclav Prospal.
3:41 of 3rd period - Stopped by Michal Neuvirth without a rebound.
3:42 of 3rd period - Chris Drury wins face-off versus Marc Savard in Red Wings zone.
3:45 of 3rd period - Wrist shot by Chris Drury.
3:45 of 3rd period - Shot Misses the Net.
3:47 of 3rd period - Slapshot by R.J. Umberger.
3:47 of 3rd period - Stopped by Michal Neuvirth with a rebound.
3:49 of 3rd period - Snap shot by Chris Drury.
3:49 of 3rd period - Deflect By Marek Svatos.
3:49 of 3rd period - Shot Misses the Net.
3:49 of 3rd period - Puck is out of play.
3:50 of 3rd period - Chris Drury wins face-off versus Marc Savard in Red Wings zone.
3:55 of 3rd period - Wrist shot by Marek Svatos.
3:55 of 3rd period - Stopped by Michal Neuvirth with a rebound.
3:57 of 3rd period - Snap shot by Marek Svatos.
3:57 of 3rd period - Shot Misses the Net.
3:59 of 3rd period - Slapshot by T.J. Fast.
3:59 of 3rd period - Stopped by Michal Neuvirth without a rebound.
4:00 of 3rd period - Marc Savard wins face-off versus Jean-Pierre Dumont in Red Wings zone.
4:12 of 3rd period - Snap shot by Vaclav Prospal.
4:12 of 3rd period - Stopped by Michal Neuvirth without a rebound.
4:13 of 3rd period - Tyler Johnson wins face-off versus Chris Drury in Red Wings zone.
5:08 of 3rd period - Slapshot by Dustin Byfuglien.
5:08 of 3rd period - Shot Blocked by Ole-Kristian Tollefsen.
5:10 of 3rd period - Slapshot by Fedor Tyutin.
5:10 of 3rd period - Stopped by Michal Neuvirth with a rebound.
5:12 of 3rd period - Snap shot by Dustin Byfuglien.
5:12 of 3rd period - Stopped by Michal Neuvirth without a rebound.
5:13 of 3rd period - Tyler Johnson wins face-off versus Chris Drury in Red Wings zone.
5:40 of 3rd period - Tyler Johnson is hit by Kyle Calder and loses puck.
5:51 of 3rd period - Wrist shot by Kyle Calder.
5:51 of 3rd period - Stopped by Michal Neuvirth with a rebound.
6:23 of 3rd period - Shea Weber is hit by Chris Drury and loses puck.
7:14 of 3rd period - Wrist shot by Vaclav Prospal.
7:14 of 3rd period - Shot Misses the Net.
7:44 of 3rd period - Backhand shot by Sean Bergenheim.
7:44 of 3rd period - Shot Blocked by R.J. Umberger.
7:47 of 3rd period - Icing by Chris Drury.
7:48 of 3rd period - Marc Savard wins face-off versus Chris Drury in Nordiques zone.
7:59 of 3rd period - Marek Svatos is hit by Brendan Bell and loses puck.
8:20 of 3rd period - Slapshot by Jean-Pierre Dumont.
8:20 of 3rd period - Shot Blocked by Tyler Johnson.
8:33 of 3rd period - Minor Penalty to Vaclav Prospal for High sticking.
8:34 of 3rd period - Paul Gaustad wins face-off versus Marc Savard in Nordiques zone.
9:08 of 3rd period - Slapshot by Ole-Kristian Tollefsen.
9:08 of 3rd period - Shot Blocked by Kyle Calder.
9:10 of 3rd period - Wrist shot by Sean Bergenheim.
9:10 of 3rd period - Deflect By Tyler Johnson.
9:10 of 3rd period - Goal by Tyler Johnson - Nordiques : 2 - Red Wings : 3.
9:11 of 3rd period - Chris Drury wins face-off versus Marc Savard in neutral zone.
9:24 of 3rd period - Snap shot by Chris Drury.
9:24 of 3rd period - Stopped by Michal Neuvirth with a rebound.
9:26 of 3rd period - Slapshot by Dustin Byfuglien.
9:26 of 3rd period - Deflect By Marek Svatos.
9:26 of 3rd period - Stopped by Michal Neuvirth with a rebound.
10:17 of 3rd period - Wrist shot by Phil Kessel.
10:17 of 3rd period - Deflect By Paul Gaustad.
10:17 of 3rd period - Goal by Phil Kessel - Nordiques : 2 - Red Wings : 4.
10:18 of 3rd period - Chris Drury wins face-off versus Tyler Johnson in neutral zone.
10:21 of 3rd period - Steve Downie is hit by Marek Svatos.
11:12 of 3rd period - Snap shot by Mike Brown.
11:12 of 3rd period - Shot Misses the Net.
11:46 of 3rd period - Slapshot by Ole-Kristian Tollefsen.
11:46 of 3rd period - Deflect By R.J. Umberger.
11:46 of 3rd period - Stopped by Martin Brodeur with a rebound.
11:48 of 3rd period - Slapshot by Ole-Kristian Tollefsen.
11:48 of 3rd period - Stopped by Martin Brodeur with a rebound.
11:50 of 3rd period - Wrist shot by Alex Picard.
11:50 of 3rd period - Stopped by Martin Brodeur without a rebound.
11:51 of 3rd period - Chris Drury wins face-off versus Adam Henrique in Nordiques zone.
11:51 of 3rd period - Chris Drury is hit by Brendan Bell.
12:17 of 3rd period - Rick Nash is hit by Vaclav Prospal and loses puck.
12:46 of 3rd period - Steve Downie is hit by Rich Peverley and loses puck.
13:02 of 3rd period - Off-side.
13:03 of 3rd period - Paul Gaustad wins face-off versus Nate Thompson in neutral zone.
13:16 of 3rd period - Mike Brown is hit by Paul Gaustad and loses puck.
13:23 of 3rd period - Dustin Byfuglien is hit by Mike Duco and loses puck.
13:48 of 3rd period - Wrist shot by Kyle Calder.
13:48 of 3rd period - Shot Blocked by Nate Thompson.
13:50 of 3rd period - Wrist shot by Dustin Byfuglien.
13:50 of 3rd period - Deflect By Nikita Kucherov.
13:50 of 3rd period - Stopped by Michal Neuvirth without a rebound.
13:51 of 3rd period - Rick Nash wins face-off versus Chris Drury in Red Wings zone.
14:54 of 3rd period - Shea Weber is hit by T.J. Fast and loses puck.
15:07 of 3rd period - Slapshot by Shea Weber.
15:07 of 3rd period - Deflect By Adam Henrique.
15:07 of 3rd period - Shot Misses the Net.
15:07 of 3rd period - Puck is out of play.
15:08 of 3rd period - Chris Drury wins face-off versus Ales Hemsky in Nordiques zone.
15:20 of 3rd period - Snap shot by Marek Svatos.
15:20 of 3rd period - Shot Misses the Net.
15:58 of 3rd period - Snap shot by Adam Henrique.
15:58 of 3rd period - Stopped by Martin Brodeur without a rebound.
15:59 of 3rd period - Marc Savard wins face-off versus Paul Gaustad in Nordiques zone.
16:08 of 3rd period - Snap shot by Marc Savard.
16:08 of 3rd period - Stopped by Martin Brodeur with a rebound.
16:53 of 3rd period - Minor Penalty to Mike Duco for Hooking.
16:54 of 3rd period - Tyler Johnson wins face-off versus Chris Drury in Red Wings zone.
16:54 of 3rd period - Tyler Johnson is hit by Dustin Byfuglien.
17:46 of 3rd period - Steve Downie is hit by Chris Drury and loses puck.
18:53 of 3rd period - Penalty to Mike Duco is over, Mike Duco is back on ice.
Goals for this period are 0 for Nordiques vs 2 for Red Wings.
Shots for this period are 13 for Nordiques vs 10 for Red Wings.